← All builds
Geo sea / Armada / Economy first / OBSERVED BUILD

Standard geo sea

Armada Geo sea build order · Supreme Isthmus

The role's baseline: bot lab then shipyard in the cove, early destroyer and submarine to contest the sea, with geothermal powering the economy as the game transitions into a naval/amphibious mix.

Usually shipyard in the cove (89%)

#naval #eco · 1366 distinct matches · 174 players · 78% of Armada Geo sea games · team won 55% of 1522 · Recently observed

HOW TO PLAY IT

Key timing: Shipyard by 3:12

  1. Open 3 mex and wind, then drop Bot Lab by 1:12.
  2. Build Shipyard in the cove to start the naval contest.
  3. Pump submarine then destroyer to contest enemy sea entry.
  4. Add geothermal powerplant to fund the economy transition.
  5. Upgrade to Advanced Metal Extractor as eco scaling finishes.

Phase by phase

TYPICAL OF ITS 1366 GAMES
  1. 1
  2. 2
  3. 3
  4. 4
PLAY THE OPENING

Follow the example game's first 6:00 step by step: what to build now, what comes next, and where it goes. At 1× it keeps pace with your own game.

  1. 1

    Up to the Bot Lab

    Economy
    • Metal Extractor3Mex
    • Wind Turbine3Wind
    Order
    1. Bot LabBot Lab after 3 mex, 3 winddone ~1:12, middle half 1:06–1:18

    Some games also: wind for allies (46%)

    By 0:55 in all: 3 mex · 3 wind

    The example game in this phase · 4 steps
    1. Mex ×3
    2. Wind ×4
    3. SentrySentry
    4. Bot LabBot Labdone 1:22 · typical 1:12
  2. 2

    Bot Lab to Shipyard

    Economy
    • Metal Extractor1Mex
    • Wind Turbine1Wind
    Order
    1. ShipyardShipyard after 4 mex, 4 winddone ~3:11, middle half 2:48–3:37
    Builders
    • Construction Bot3 Con bot
    • Lazarus2 Lazarus

    Some games also: pawn (41%) · con turret (39%) · crossbow (38%)

    By 2:47 in all: 4 mex · 4 wind

    The example game in this phase · 6 steps
    1. Construction BotCon bot
    2. LazarusLazarus ×2
    3. Mex
    4. Construction BotCon bot
    5. SentrySentry
    6. ShipyardShipyarddone 2:42 · typical 3:11
  3. 3

    Shipyard to 5:00

    Economy
    • Metal Extractor4Mex
    • Wind Turbine2Wind
    Order
    1. Bot LabEat Bot Lab
    Builders
    • Construction Ship1 Con ship
    Army
    • Dolphin3 Dolphin
    • Skater1 Skater
    Other
    • Radar Tower1 Radar Tower

    Some games also: destroyer (48%) · Sentry (44%) · submarine (44%) · converter (33%) · con turret (32%)

    By 5:00 in all: 8 mex · 7 wind · 1 energy storage · 1 con turret

    The example game in this phase · 22 steps
    1. Construction BotCon bot
    2. Wind
    3. SentrySentry
    4. Construction ShipCon ship
    5. Wind
    6. Construction ShipCon ship
    7. SkaterSkater
    8. Tidal
    9. Mex ×2
    10. Energy storage
    11. DolphinDolphin
    12. Wind
    13. DolphinDolphin
    14. Mex
    15. DolphinDolphin
    16. Mex
    17. DolphinDolphin ×2
    18. SentrySentry
    19. CorsairDestroyerdone 5:15 · typical 5:39
    20. Mex ×2
    21. Bot LabEat Bot Labreclaimed for its metal
    22. Wind
  4. 4

    5:00 to 10:00

    Economy
    • Metal Extractor2Mex
    • Wind Turbine12Wind
    • Energy Converter3Converter
    Builders
    • Construction Turret1 Con turret
    • Grim Reaper1 Grim Reaper
    • Construction Ship1 Con ship
    Army
    • Sentry1 Sentry
    • Dolphin4 Dolphin
    • Skater2 Skater
    • Corsair2 Destroyer

    Some games also: Harpoon (42%) · frigate (42%) · geo (41%) · Naval Construction Turret (35%) · submarine (30%)

    By 10:00 in all: 11 mex · 20 wind · 1 geo · 4 converter · 1 energy storage · 2 con turret

    The example game in this phase · 172 steps
    1. Naval Radar / Sonar TowerNaval Radar / Sonar Tower
    2. Wind
    3. Radar TowerRadar Tower
    4. SentrySentry
    5. Mexfor Beach sea
    6. Construction ShipCon ship
    7. Wind
    8. Construction ShipCon ship
    9. NettleNettle
    10. Radar TowerRadar Tower
    11. SkaterSkater
    12. Wind
    13. DolphinDolphin ×3
    14. Wind
    15. DolphinDolphin ×2
    16. Dragon's TeethDragon's Teeth ×2
    17. CorsairDestroyer
    18. Dragon's TeethDragon's Teeth
    19. Wind
    20. Dragon's TeethDragon's Teeth
    21. Tidal
    22. Dragon's TeethDragon's Teeth ×4
    23. Construction ShipCon ship
    24. Tidal
    25. Converter
    26. Dragon's TeethDragon's Teeth ×2
    27. Grim ReaperGrim Reaper
    28. Dragon's TeethDragon's Teeth ×2
    29. Naval Construction Turret
    30. Dragon's TeethDragon's Teeth
    31. Construction ShipCon ship
    32. Dragon's TeethDragon's Teeth
    33. Advanced Metal ExtractorT2 mexdone 8:42 · typical 9:20
    34. Dragon's TeethDragon's Teeth
    35. SkaterSkater
    36. Converter
    37. Dragon's TeethDragon's Teeth
    38. DolphinDolphin
    39. Dragon's TeethDragon's Teeth
    40. DolphinDolphin
    41. Dragon's TeethDragon's Teeth ×2
    42. DolphinDolphin
    43. Dragon's TeethDragon's Teeth
    44. DolphinDolphin
    45. Dragon's TeethDragon's Teeth ×2
    46. Tidal
    47. Naval Construction Turret
    48. DolphinDolphin
    49. Dragon's TeethDragon's Teeth ×3
    50. Tidal
    51. Dragon's TeethDragon's Teeth
    52. Naval Construction Turret
    53. Dragon's TeethDragon's Teeth
    54. Naval Construction Turret
    55. Naval Radar / Sonar TowerNaval Radar / Sonar Tower
    56. Tidal
    57. Con turret
    58. Tidal
    59. Naval Construction Turret
    60. Mex
    61. Tidal
    62. ShipyardEat Shipyardreclaimed for its metal
    63. Advanced Metal ExtractorT2 mex
    64. Naval Construction Turret
    65. Tidal
    66. Vehicle PlantVehicle Plantdone 9:07
    67. Construction VehicleCon vehicle
    68. Tidal
    69. Construction VehicleCon vehicle
    70. Tidal
    71. Construction VehicleCon vehicle ×2
    72. Tidal
    73. Mex
    74. Construction VehicleCon vehicle
    75. Tidal
    76. Naval Radar / Sonar TowerNaval Radar / Sonar Tower
    77. Tidal
    78. Wind
    79. Advanced Metal ExtractorT2 mex
    80. Wind
    81. Tidal
    82. Wind
    83. Tidal
    84. Advanced ShipyardAdvanced Shipyarddone 10:50
    85. Wind
    86. Aircraft PlantAircraft Plantdone 11:12
    87. Tidal
    88. Converter
    89. Wind
    90. Tidal ×2
    91. Wind
    92. Advanced Metal ExtractorT2 mex
    93. Advanced Construction SubAdvanced Construction Sub
    94. Tidal
    95. Wind
    96. Vehicle PlantEat Vehicle Plantreclaimed for its metal
    97. Wind
    98. OspreyHeavy transport
    99. Tidal
    100. Converter
    101. Tidal
    102. Naval Advanced Metal ExtractorNaval Advanced Metal Extractordone 11:47
    103. OspreyHeavy transport
    104. Construction AircraftCon aircraft
    105. Wind
    106. StorkLight transport
    107. Wind
    108. Construction AircraftCon aircraft
    109. Advanced Metal ExtractorT2 mex
    110. Tidal
    111. Wind
    112. Construction AircraftCon aircraft ×2
    113. Naval Advanced Metal ExtractorNaval Advanced Metal Extractor
    114. Construction AircraftCon aircraft
    115. Tidal
    116. Wind
    117. Converter
    118. Tidal
    119. Advanced Metal ExtractorT2 mex
    120. Wind
    121. Con turret ×4
    122. Tidal
    123. Con turret
    124. Naval Advanced Metal ExtractorNaval Advanced Metal Extractor
    125. Wind ×3
    126. Tidal
    127. Converter
    128. Wind ×2
    129. Con turret
    130. Wind ×2
    131. Tidal
    132. Wind
    133. BansheeBanshee
    134. Wind
    135. BlinkScout plane
    136. Wind
    137. BansheeBanshee
    138. Wind ×4
    139. BansheeBanshee
    140. Wind ×2
    141. Tidal
    142. Wind
    143. BansheeBanshee
    144. Wind ×2
    145. Converter
    146. Naval Advanced Metal ExtractorNaval Advanced Metal Extractor
    147. BansheeBanshee
    148. Wind ×4
    149. Converter
    150. Wind ×3
    151. Tidal
    152. Wind ×4
    153. Converter
    154. Wind
    155. Converter
    156. Wind ×5
    157. Tidal
    158. Wind ×3
    159. Converter
    160. Wind
    161. Naval Advanced Metal ExtractorNaval Advanced Metal Extractor
    162. Wind ×3
    163. Advanced Geothermal PowerplantAdvanced Geothermal Powerplantnot finished by 15:00
    164. Naval Metal Storage
    165. Converter
    166. Wind ×3
    167. Converter
    168. Wind
    169. Tidal
    170. Wind ×7
    171. Converter ×2
    172. Wind ×2

Counts are medians over the build's games: half of them build more, half fewer. The example game is _X_'s (41 OS, 14/10/2026); pick another.

Team trades

IN AT LEAST 30% OF ITS GAMES

You hand over

  • Wind Turbine2 Wind to Airfirst at 1:41 · in 64% of games

You get

  • Finch1 Finch from Airfirst at 1:53 · in 74% of games
  • Hercules1 Light transport from Airfirst at 2:04 · in 65% of games
  • Advanced Construction Bot1 T2 con bot from Techfirst at 7:43 · in 90% of games

How it plays out

Typical game of this build, running totals by minute

Metal produced

010k20k30k
0:005:0010:0015:00

metal

Enemy metal destroyed

05k10k
0:005:0010:0015:00

metal

Own metal lost

02.5k5k7.5k
0:005:0010:0015:00

metal

1522 games.

Show as table
ByMetal produced: This buildEnemy metal destroyed: This buildOwn metal lost: This build
1:0039500
2:0092800
3:00159900
4:002876040
5:00412519054
6:005516531294
7:007053988625
8:00871716811028
9:001057124591592
10:001280033632241
11:001537844273115
12:001846254733815
13:002179564554611
14:002540875645386
15:002899384626190
WHAT THE NUMBERS SAY

Standard Geo sea play wins slightly less than half the time but builds a strong metal base by 15:00 with moderate losses.

  • + Metal produced reaches 29210 by 15:00, well above Beach sea's early pace.
  • + Corsair (destroyer) makes up 34% of army, a clear naval focus.
  • − Own metal lost climbs to 6339 by 15:00 from sea skirmishes.
  • − Geothermal only completes in 58% of games, an inconsistent power spike.
THE EXAMPLE YOU ARE READING

_X_

40.7 OS · 14/10/2026

Open source match ↗

4 received units · includes a constructor
89 metal received · 13176 energy received

Allied construction assistance is unknown. Timings are observations, not a promise of solo reproducibility.

Typical milestones

Bot Lab1:12Middle 50%: 1:06–1:18 · n=1479
Shipyard3:11Middle 50%: 2:48–3:37 · n=1501
Eel4:27Middle 50%: 3:45–5:38 · n=926
Corsair5:39Middle 50%: 4:56–6:38 · n=1401
Geothermal Powerplant7:52Middle 50%: 6:49–9:30 · n=961
Advanced Metal Extractor9:20Middle 50%: 8:39–10:10 · n=1332

Played most by

_X_136games of this buildJesterB68games of this buildOptimusprimenutt61games of this buildhaaven55games of this buildpyrothraxus51games of this build
Standard geo sea · Armada Geo sea build order · BAR Build Atlas